UNITED STATES SILVER LEAGUE
NORTHERN VIRGINIA RETRIEVERS VS NEW AMSTERDAM REPUBLICS
06/29/2014
 
TOP OF THE 1ST
New Amsterdam Republics batting - Pitching for Northern Virginia Retrievers : LHP Ricardo Hernández
Pitching: LHP Ricardo Hernández
Batting: SHB Juan López 0-0: Called Strike
0-1: Foul Ball, location: 2F
0-2: Ball
1-2: Foul Ball, location: 2F
1-2: Strikes out swinging
Batting: RHB Rodrigo Luna 0-0: Called Strike
0-1: Reached on Error, E6 (Popup, 6)
Batting: RHB Colby Turner 0-0: Ball
1-0: Ball
2-0: Ball
Wild Pitch!
Rodrigo Luna to second
3-0: Base on Balls
Batting: RHB Lawrence Bell 0-0: Ball
1-0: Ball
2-0: Called Strike
2-1: Ball
3-1: Base on Balls
Rodrigo Luna to third
Colby Turner to second
Batting: RHB Tony Torres 0-0: Ball
1-0: Called Strike
1-1: DOUBLE (Flyball, 78XD)
Rodrigo Luna scores
Colby Turner scores
Lawrence Bell to third
Runner from 3rd tries for Home, SAFE, throw made at trailing runner, SAFE at third!
Batting: LHB Juan Ángel 0-0: Called Strike
0-1: Foul Ball, location: 2F
0-2: Ball
1-2: Fly out, F8 (Flyball, 8RXD)
Runner from 3rd tags up, SCORES, no throw
Batting: RHB Raúl Hernández 0-0: Called Strike
0-1: Foul Ball, location: 2F
0-2: Ground out 5-3 (Groundball, 5S)
Top of the 1st over - 4 run(s), 1 hit(s), 1 error(s), 0 left on base; New Amsterdam 4 - Northern Virginia 0
BOTTOM OF THE 1ST
Northern Virginia Retrievers batting - Pitching for New Amsterdam Republics : RHP Edwin Wilson
Pitching: RHP Edwin Wilson
Batting: LHB Luis Robles 0-0: Ball
1-0: Swinging Strike
1-1: Foul Ball, location: 2F
1-2: Ball
2-2: Strikes out swinging
Batting: LHB Jim Chaffe 0-0: Called Strike
0-1: Foul Ball, location: 2F
0-2: Ball
1-2: Ball
2-2: Ground out 6-3 (Groundball, 6)
Batting: RHB Don Brown 0-0: Ball
1-0: Ball
2-0: SINGLE (Line Drive, 78M)
Batting: RHB Jorge Gómez 0-0: Called Strike
0-1: Ball
1-1: Ball
2-1: 2-RUN HOME RUN (Flyball, 7D), Distance : 396 ft
Batting: RHB Manuel Romo 0-0: Ground out 4-3 (Groundball, 4)
Bottom of the 1st over - 2 run(s), 2 hit(s), 0 error(s), 0 left on base; New Amsterdam 4 - Northern Virginia 2
TOP OF THE 2ND
New Amsterdam Republics batting - Pitching for Northern Virginia Retrievers : LHP Ricardo Hernández
Batting: SHB Ludovico Bluemel 0-0: SINGLE (Line Drive, 8LS)
Batting: RHB Edwin Wilson 0-0: Sac Bunt - play at second, runner OUT! 5-6
Batting: SHB Juan López 0-0: Ball
1-0: Fielders Choice at 2nd, 5-4 (Groundball, 56)
Batting: RHB Rodrigo Luna 0-0: Called Strike
0-1: Foul Ball, location: 2F
0-2: Foul Ball, location: 2F
0-2: Foul Ball, location: 2F
0-2: Ground out 3-1 (Groundball, 34)
Top of the 2nd over - 0 run(s), 1 hit(s), 0 error(s), 1 left on base; New Amsterdam 4 - Northern Virginia 2
BOTTOM OF THE 2ND
Northern Virginia Retrievers batting - Pitching for New Amsterdam Republics : RHP Edwin Wilson
Batting: RHB Danny Spencer 0-0: Ball
1-0: Fly out, F8 (Flyball, 8RM)
Batting: LHB Scott Boardman 0-0: Fly out, F5 (Line Drive, 56)
Batting: SHB Matt Nichols 0-0: Ball
1-0: Fly out, F7 (Flyball, 78S)
Bottom of the 2nd over - 0 run(s), 0 hit(s), 0 error(s), 0 left on base; New Amsterdam 4 - Northern Virginia 2
TOP OF THE 3RD
New Amsterdam Republics batting - Pitching for Northern Virginia Retrievers : LHP Ricardo Hernández
Batting: RHB Colby Turner 0-0: Ground out 4-3 (Groundball, 4M)
Batting: RHB Lawrence Bell 0-0: Foul Ball, location: 2F
0-1: Ball
1-1: Ball
2-1: Ground out 5-3 (Groundball, 56S)
Batting: RHB Tony Torres 0-0: Ball
1-0: Ground out 6-3 (Groundball, 6M)
Top of the 3rd over - 0 run(s), 0 hit(s), 0 error(s), 0 left on base; New Amsterdam 4 - Northern Virginia 2
BOTTOM OF THE 3RD
Northern Virginia Retrievers batting - Pitching for New Amsterdam Republics : RHP Edwin Wilson
Batting: LHB Ricardo Hernández 0-0: Ball
1-0: Fly out, F7 (Flyball, 7LMF)
Batting: LHB Luis Robles 0-0: Ball
1-0: Called Strike
1-1: Ball
2-1: Ball
3-1: Called Strike
3-2: Strikes out swinging
Batting: LHB Jim Chaffe 0-0: Called Strike
0-1: Ball
1-1: Ball
2-1: Ball
3-1: Ground out U3 (Groundball, 3L)
Bottom of the 3rd over - 0 run(s), 0 hit(s), 0 error(s), 0 left on base; New Amsterdam 4 - Northern Virginia 2
TOP OF THE 4TH
New Amsterdam Republics batting - Pitching for Northern Virginia Retrievers : LHP Ricardo Hernández
Batting: LHB Juan Ángel 0-0: Ball
1-0: Bunted foul
1-1: Fly out, F4 (Popup, 4)
Batting: RHB Raúl Hernández 0-0: Foul Ball, location: 2F
0-1: Swinging Strike
0-2: Strikes out looking
Batting: SHB Ludovico Bluemel 0-0: Ball
1-0: Ball
2-0: Fly out, F3 (Popup, 3F)
Top of the 4th over - 0 run(s), 0 hit(s), 0 error(s), 0 left on base; New Amsterdam 4 - Northern Virginia 2
BOTTOM OF THE 4TH
Northern Virginia Retrievers batting - Pitching for New Amsterdam Republics : RHP Edwin Wilson
Batting: RHB Don Brown 0-0: SOLO HOME RUN (Flyball, 89XD), Distance : 417 ft
Batting: RHB Jorge Gómez 0-0: Ball
1-0: Ball
2-0: Ball
3-0: Called Strike
3-1: Called Strike
3-2: Strikes out swinging
Batting: RHB Manuel Romo 0-0: SINGLE (Groundball, 4MD)
Batting: RHB Danny Spencer 0-0: Foul Ball, location: 2F
0-1: Foul Ball, location: 2F
0-2: Fly out, F8 (Line Drive, 8LS)
Batting: LHB Scott Boardman 0-0: Ball
1-0: DOUBLE (Flyball, 9LD)
Manuel Romo to third
Batting: SHB Matt Nichols 0-0: Ground out 1-3 (Groundball, 13)
Bottom of the 4th over - 1 run(s), 3 hit(s), 0 error(s), 2 left on base; New Amsterdam 4 - Northern Virginia 3
TOP OF THE 5TH
New Amsterdam Republics batting - Pitching for Northern Virginia Retrievers : LHP Ricardo Hernández
Batting: RHB Edwin Wilson 0-0: Ball
1-0: Foul Ball, location: 2F
1-1: Fly out, F9 (Flyball, 89M)
Batting: SHB Juan López 0-0: Called Strike
0-1: Ball
1-1: Ball
2-1: Ball
3-1: Fly out, F9 (Line Drive, 9M)
Batting: RHB Rodrigo Luna 0-0: Ball
1-0: Called Strike
1-1: Ground out 4-3 (Groundball, 34)
Top of the 5th over - 0 run(s), 0 hit(s), 0 error(s), 0 left on base; New Amsterdam 4 - Northern Virginia 3
BOTTOM OF THE 5TH
Northern Virginia Retrievers batting - Pitching for New Amsterdam Republics : RHP Edwin Wilson
Batting: LHB Ricardo Hernández 0-0: Called Strike
0-1: Ball
1-1: Ball
2-1: Foul Ball, location: 2F
2-2: Ball
3-2: Ground out 5-3 (Groundball, 5)
Batting: LHB Luis Robles 0-0: Called Strike
0-1: Called Strike
0-2: SINGLE (Groundball, 4MD)
Batting: LHB Jim Chaffe Pickoff Throw to First - Out!
0-0: Swinging Strike
0-1: Ball
1-1: Ball
2-1: Foul Ball, location: 2F
2-2: Fly out, F5 (Line Drive, 5)
Bottom of the 5th over - 0 run(s), 1 hit(s), 0 error(s), 0 left on base; New Amsterdam 4 - Northern Virginia 3
TOP OF THE 6TH
New Amsterdam Republics batting - Pitching for Northern Virginia Retrievers : LHP Ricardo Hernández
Batting: RHB Colby Turner 0-0: Ball
1-0: Ground out 6-3 (Groundball, 6)
Batting: RHB Lawrence Bell 0-0: Called Strike
0-1: Ball
1-1: Ball
2-1: Foul Ball, location: 2F
2-2: Foul Ball, location: 2F
2-2: Foul Ball, location: 2F
2-2: Foul Ball, location: 2F
2-2: Ball
3-2: Fly out, F5 (Popup, 25F)
Batting: RHB Tony Torres 0-0: Called Strike
0-1: Ball
1-1: Ball
2-1: SOLO HOME RUN (Flyball, 78XD), Distance : 420 ft
Batting: LHB Juan Ángel 0-0: Called Strike
0-1: Ground out 4-3 (Groundball, 4)
Top of the 6th over - 1 run(s), 1 hit(s), 0 error(s), 0 left on base; New Amsterdam 5 - Northern Virginia 3
BOTTOM OF THE 6TH
Northern Virginia Retrievers batting - Pitching for New Amsterdam Republics : RHP Edwin Wilson
Batting: RHB Don Brown 0-0: Called Strike
0-1: Ball
1-1: Foul Ball, location: 2F
1-2: Ball
2-2: Ball
3-2: Foul Ball, location: 2F
3-2: Base on Balls
Batting: RHB Jorge Gómez 0-0: Hit by Pitch
Don Brown to second
Batting: RHB Manuel Romo 0-0: Called Strike
0-1: Swinging Strike
0-2: Ball
1-2: Strikes out swinging
Batting: RHB Danny Spencer 0-0: Ball
1-0: Called Strike
1-1: Ball
2-1: Ball
3-1: Called Strike
3-2: Strikes out swinging
Batting: LHB Scott Boardman 0-0: Called Strike
0-1: Ball
1-1: Ball
2-1: Ball
Passed Ball!
Don Brown to third
Jorge Gómez to second
3-1: Foul Ball, location: 2F
3-2: Base on Balls
Batting: SHB Matt Nichols 0-0: Ball
1-0: Ground out U3 (Groundball, 3L)
Bottom of the 6th over - 0 run(s), 0 hit(s), 0 error(s), 3 left on base; New Amsterdam 5 - Northern Virginia 3
TOP OF THE 7TH
New Amsterdam Republics batting - Pitching for Northern Virginia Retrievers : LHP Ricardo Hernández
Batting: RHB Raúl Hernández 0-0: Ball
1-0: Ground out 4-3 (Groundball, 4)
Batting: SHB Ludovico Bluemel 0-0: Called Strike
0-1: Ball
1-1: Ground out 6-3 (Groundball, 6)
Batting: RHB Edwin Wilson 0-0: Fly out, F9 (Flyball, 9M)
Top of the 7th over - 0 run(s), 0 hit(s), 0 error(s), 0 left on base; New Amsterdam 5 - Northern Virginia 3
BOTTOM OF THE 7TH
Northern Virginia Retrievers batting - Pitching for New Amsterdam Republics : RHP Edwin Wilson
Pinch Hitting: LHB Chris Drew 0-0: Foul Ball, location: 2F
0-1: Called Strike
0-2: Ball
1-2: Ball
2-2: Strikes out swinging
Batting: LHB Luis Robles 0-0: Swinging Strike
0-1: Foul Ball, location: 2F
0-2: Ball
1-2: Foul Ball, location: 2F
1-2: Ball
2-2: Foul Ball, location: 2F
2-2: Fly out, F9 (Flyball, 9M)
Batting: LHB Jim Chaffe 0-0: Swinging Strike
0-1: Fly out, F8 (Line Drive, 89D)
Bottom of the 7th over - 0 run(s), 0 hit(s), 0 error(s), 0 left on base; New Amsterdam 5 - Northern Virginia 3
TOP OF THE 8TH
New Amsterdam Republics batting - Pitching for Northern Virginia Retrievers : LHP Ricardo Hernández
Pitching: RHP Jesús Peña
Batting: SHB Juan López 0-0: Swinging Strike
0-1: Ground out U3 (Groundball, 3S)
Batting: RHB Rodrigo Luna 0-0: Foul Ball, location: 2F
0-1: Ball
1-1: Foul Ball, location: 2F
1-2: Foul Ball, location: 2F
1-2: SOLO HOME RUN (Flyball, 7D), Distance : 397 ft
Batting: RHB Colby Turner 0-0: Ball
1-0: Fly out, F8 (Flyball, 8LXD)
Batting: RHB Lawrence Bell 0-0: Ball
1-0: Ball
2-0: Ball
3-0: Called Strike
3-1: Base on Balls
Batting: RHB Tony Torres 0-0: Swinging Strike
0-1: Called Strike
0-2: Ball
1-2: Foul Ball, location: 2F
1-2: Strikes out swinging
Top of the 8th over - 1 run(s), 1 hit(s), 0 error(s), 1 left on base; New Amsterdam 6 - Northern Virginia 3
BOTTOM OF THE 8TH
Northern Virginia Retrievers batting - Pitching for New Amsterdam Republics : RHP Edwin Wilson
Batting: RHB Don Brown 0-0: Called Strike
0-1: Foul Ball, location: 2F
0-2: Ball
1-2: Ball
2-2: DOUBLE (Flyball, 8RXD)
Batting: RHB Jorge Gómez 0-0: Called Strike
0-1: Foul Ball, location: 2F
0-2: Ground out 5-3 (Groundball, 5)
Batting: RHB Manuel Romo 0-0: Ball
1-0: Called Strike
1-1: Fly out, F9 (Flyball, 89S)
Pitching: LHP Ricardo Betancourt
Batting: RHB Danny Spencer 0-0: Swinging Strike
0-1: Foul Ball, location: 2F
0-2: Reached on Error, E7 (Flyball, 7M)
Don Brown scores
Batting: LHB Scott Boardman 0-0: Called Strike
0-1: Called Strike
0-2: Ball
1-2: Ball
2-2: Fly out, F7 (Flyball, 78XD)
Bottom of the 8th over - 1 run(s), 1 hit(s), 1 error(s), 1 left on base; New Amsterdam 6 - Northern Virginia 4
TOP OF THE 9TH
New Amsterdam Republics batting - Pitching for Northern Virginia Retrievers : RHP Jesús Peña
Batting: LHB Juan Ángel 0-0: Called Strike
0-1: Ball
1-1: Fly out, F7 (Flyball, 7D)
Batting: RHB Raúl Hernández 0-0: Called Strike
0-1: Called Strike
0-2: Strikes out swinging
Batting: SHB Ludovico Bluemel 0-0: Ball
1-0: Ball
2-0: Ball
3-0: Called Strike
3-1: Foul Ball, location: 2F
3-2: Ground out 6-3 (Groundball, 6M)
Top of the 9th over - 0 run(s), 0 hit(s), 0 error(s), 0 left on base; New Amsterdam 6 - Northern Virginia 4
BOTTOM OF THE 9TH
Northern Virginia Retrievers batting - Pitching for New Amsterdam Republics : LHP Ricardo Betancourt
Pitching: RHP Wynn Burton
Now in LF: Francisco Torres
Batting: SHB Matt Nichols 0-0: Ball
1-0: SINGLE (Line Drive, 4M)
Pinch Hitting: RHB José Rodríguez 0-0: Ball
1-0: Ball
2-0: Called Strike
2-1: Foul Ball, location: 2F
2-2: Foul Ball, location: 2F
2-2: Ball
3-2: Grounds into double play, 4-6-3 (Groundball, 4)
Batting: LHB Luis Robles 0-0: Ball
1-0: Called Strike
1-1: Ball
2-1: Foul Ball, location: 2F
2-2: Ball
3-2: DOUBLE (Line Drive, 3D)
Batting: LHB Jim Chaffe 0-0: Ball
1-0: Ball
Wild Pitch!
Luis Robles to third
2-0: Called Strike
2-1: Ball
3-1: Base on Balls
Batting: RHB Don Brown 0-0: Fly out, F4 (Popup, 4D)
Bottom of the 9th over - 0 run(s), 2 hit(s), 0 error(s), 2 left on base; New Amsterdam 6 - Northern Virginia 4
This league is powered by Out of the Park Baseball, the baseball management simulation game for PC, Mac and Linux
Thursday, April 24th, 2014 - OOTP Baseball 14.6 Build 33